 Dungeon Crawl Stone Soup version 0.31-a0-128-g25add195a6 (webtiles) character file.

Game seed: 4191116242249289706

506 Pimp the Digger (level 7, 0/45 HPs)
             Began as an Octopode Earth Elementalist on June 1, 2023.
             Was an Initiate of Cheibriados.
             Constricted to death by Duvessa (5 damage)
             ... on level 5 of the Dungeon.
             The game lasted 00:09:00 (3870 turns).

Pimp the Digger (Octopode Earth Elementalist)       Turns: 3870, Time: 00:09:01

Health: 0/45       AC:  1    Str: 13 (14) XL:     7   Next: 18%
Magic:  9/12       EV: 11    Int: 18 (20) God:    Cheibriados [......]
Gold:   674        SH:  4    Dex: 16 (19) Spells: 8/12 levels left

rFire   . . .        j - +9 spear of Beogh {heavy, Str+5}
rCold   . . .        (no shield)
rNeg    . . .        (helmet restricted)
rPois   +            (no amulet)
rElec   .            b - ring of wizardry
rCorr   .            p - +6 ring of dexterity
SInv    .            (no ring)
Will    .....        (no ring)
Stlth   +++          (no ring)
HPRegen 0.27/turn    (no ring)
MPRegen 0.13/turn    (no ring)
                     (no ring)

%: wizardry (x1)
@: grasped by roots, very slightly contaminated, constricted, very slow
A: almost no armour, amphibious, 8 rings, camouflage 1, gelatinous body 1,
(nimble swimmer 1), tentacles, large bone plates 1, poison resistance, wild
magic 1
a: Renounce Religion


You were on level 5 of the Dungeon.
You worshipped Cheibriados.
Cheibriados was noncommittal.
You visited 2 branches of the dungeon, and saw 6 of its levels.

You collected 674 gold pieces.

Inventory:

Hand Weapons
 g - a +1 whip of venom
 j - the +9 spear of Beogh (weapon) {heavy, Str+5}
   (You took it off Eustachio on level 5 of the Dungeon)

   Str:       It affects your strength (+5).
Jewellery
 b - a ring of wizardry (left tentacle)
 p - a +6 ring of dexterity (right tentacle)
Scrolls
 c - a scroll of enchant armour
 d - a scroll of identify
 h - a scroll of fog
 o - a scroll of teleportation
 r - a scroll of poison {unknown}
Potions
 a - a potion of magic
 e - a potion of curing
 f - a potion of brilliance
 k - 2 potions of lignification


   Skills:
 + Level 2.3 Fighting
 - Level 2.3 Maces & Flails
 + Level 0.0 Polearms
 + Level 3.6 Dodging
 - Level 3.3 Stealth
 + Level 3.3 Spellcasting
 + Level 0.0 Conjurations
 + Level 3.0 Transmutations
 + Level 4.2 Earth Magic


You had 8 spell levels left.
You knew the following spells:

 Your Spells              Type           Power      Damage    Failure   Level
a - Sandblast             Erth           46%        2d11      1%          1
b - Stone Arrow           Conj/Erth      26%        3d8       12%         3

Your spell library contained the following spells:

 Spells                   Type           Power      Damage    Failure   Level
 Passwall                 Tmut/Erth      16%        N/A       3%          2
 Static Discharge         Conj/Air       6%         2-3/arc   13%         2
 Petrify                  Tmut/Erth      20%        N/A       19%         4
 Airstrike                Air            1%         2d(1-17)  56%         4
 Summon Lightning Spire   Summ/Air       3%         N/A       56%         4


Dungeon Overview and Level Annotations

Branches:
Dungeon (5/15)             Temple (1/1) D:4

Altars:
Cheibriados
Hepliaklqana
Makhleb
Sif Muna
Trog

Shops:
D:1 :   D:3 [

Annotations:
D:5 Dowan, Duvessa, Menkaure


Innate Abilities, Weirdness & Mutations

You cannot wear most types of armour.
You are amphibious.
You can wear up to eight rings at the same time.
Your skin changes colour to match your surroundings (Stealth+).
Your rubbery body absorbs attacks. (AC +1, EV +1)
((You are camouflaged when in or above water. (Stealth+)))
You have tentacles for arms and can constrict up to eight enemies at once.
You are partially covered in large bone plates. (SH +4)
Your system is resistant to poisons. (rPois)
Your spells are a little harder to cast, but a little more powerful.


Message History

Your enlightenment fades.
You start resting.
You feel a little less clever now.
You start resting.
HP restored.
You start resting.
Magic restored.
You see here a +0 leather armour.
Dowan, Brother of Duvessa comes into view.
He is wielding a +2 dagger of draining.
Duvessa, Sister of Dowan comes into view.
She is wielding a +0 rapier and carrying a wand of roots (7).
Found a robe.
Duvessa drinks a potion.
Duvessa seems to speed up.
Duvessa says, "My weaknesses are his strengths!"
You miscast Stone Arrow.
You are very lightly contaminated with residual magic.
Nothing appears to happen.
Dowan shouts!
You hear a shout!
You hit Duvessa. You grab Duvessa.
You tentacle-slap Duvessa, but do no damage.
Duvessa is lightly wounded.
You constrict Duvessa, but do no damage.
Duvessa hits you with a +0 rapier! Duvessa hits you with a +0 rapier.
Duvessa hits you with a +0 rapier!
You hit Duvessa. You squeeze Duvessa, but do no damage.
Duvessa is lightly wounded.
You constrict Duvessa.
Duvessa zaps a wand.
The roots erupt in riotous growth!
The grasping roots grab you!
Duvessa is unaffected.
The grasping roots constrict you.
* * * LOW HITPOINT WARNING * * *
Dowan gestures wildly while chanting.
Dowan blinks!
Duvessa hits you with a +0 rapier.
* * * LOW HITPOINT WARNING * * *
The grasping roots constrict you.
* * * LOW HITPOINT WARNING * * *
You hear an angry hiss.
You hear a shout!
As you read the scroll of fear, it crumbles to dust.
You assume a fearsome visage.
Duvessa looks frightened!
Dowan looks frightened!
You constrict Duvessa.
Duvessa struggles to escape constriction.
The grasping roots constrict you.
You die...

######### ## #.......#
.. ###.......####.#####
#####...........@e......
#<[..#........####......
###.##........# .e..[
#.##........# ....
#.##........# ...
#.##........# ..
.....######## . #######


You could see Duvessa (fast, fleeing) and Dowan (fleeing).

Vanquished Creatures
  Eustachio (D:5)
  A phantom (D:3)
  A scorpion (D:4)
  A howler monkey (D:5)
  Jessica (D:3)
  2 orc wizards
  5 adders
  An ufetubus (D:5)
  2 worms
  A dart slug (D:1)
  2 orcs (D:3)
  2 ball pythons (D:4)
  6 endoplasms
  3 giant cockroaches (D:1)
  5 goblins
  6 hobgoblins
  3 jackals (D:3)
  6 kobolds
  3 quokkas
  3 bats (D:3)
  2 frilled lizards (D:1)
  7 rats
64 creatures vanquished.

Notes
Turn   | Place    | Note
-------+----------+-------------------------------------------
     0 | D:1      | Pimp the Octopode Earth Elementalist began the quest for
                  | the Orb.
     0 | D:1      | Reached XP level 1. HP: 11/11 MP: 3/3
   231 | D:1      | Reached XP level 2. HP: 17/17 MP: 1/5
   451 | D:1      | Found Himatz's Book Shoppe.
   869 | D:1      | Found a faded altar of an unknown god.
  1148 | D:2      | Reached XP level 3. HP: 17/21 MP: 1/6
  1779 | D:3      | Noticed Jessica
  1781 | D:3      | Killed Jessica
  1782 | D:3      | Reached XP level 4. HP: 27/27 MP: 4/7
  1819 | D:3      | Found Omie's Armour Shoppe.
  1893 | D:3      | Noticed a phantom
  1914 | D:3      | Killed a phantom
  1915 | D:3      | Reached skill level 1 in Fighting
  1915 | D:3      | Reached skill level 1 in Maces & Flails
  1915 | D:3      | Reached XP level 5. HP: 8/33 MP: 4/9
  2668 | D:3      | Identified a scroll of acquirement
  2668 | D:3      | Acquired 520 gold pieces
  2734 | D:4      | Reached XP level 6. HP: 38/38 MP: 6/10
  2739 | D:4      | Learned a level 3 spell: Stone Arrow
  2930 | D:4      | Found a staircase to the Ecumenical Temple.
  3424 | Temple   | Entered the Ecumenical Temple
  3569 | Temple   | Became a worshipper of Cheibriados the Contemplative
  3626 | D:5      | Entered Level 5 of the Dungeon
  3626 | D:5      | Noticed a black bear
  3631 | D:5      | Noticed a black bear
  3636 | D:4      | Reached skill level 4 in Earth Magic
  3687 | D:5      | Noticed Menkaure
  3723 | D:5      | Identified the +9 spear of Beogh {heavy, Str+5}
  3723 | D:5      | Noticed Eustachio
  3768 | D:4      | Gained mutation: Your system is resistant to poisons.
                  | (rPois) [potion of mutation]
  3768 | D:4      | Gained mutation: You are partially covered in large bone
                  | plates. (SH +4) [potion of mutation]
  3768 | D:4      | Gained mutation: Your spells are a little harder to cast,
                  | but a little more powerful. [potion of mutation]
  3778 | D:5      | Killed Eustachio
  3779 | D:5      | Reached XP level 7. HP: 32/45 MP: 2/12
  3865 | D:5      | Noticed Dowan
  3866 | D:5      | Noticed Duvessa
  3870 | D:5      | Constricted to death by Duvessa

Illustrated notes

Levels and vault maps discovered:
D:1:      eino_arrival_water_star, layout_basic, serial_shops, shop,
          serial_forest, infiniplex_forest_lined_2,
          infiniplex_forest_straight_1, infiniplex_forest_clump_small,
          infiniplex_forest_lined_3, infiniplex_forest_end_double,
          infiniplex_forest_straight_5,
          dreamdust_ecumenical_altar_hidden_monk_grotto
D:2:      layout_basic
D:3:      layout_rooms, serial_shops, shop, minivault_4, chequers_garden,
          interstate_on_off, amcnicky_mini_corridor_feature, uniq_jessica
D:4:      layout_gridville, temple_doors_cd
D:5:      layout_basic, uniq_menkaure, uniq_ijyb, uniq_eustachio, uniq_duvessa,
          uniq_sigmund
Temple:   mainiacjoe_temple_big_plus

Skill      XL: |  1  2  3  4  5  6 |
---------------+-------------------+-----
Stealth        | 3 |  3.3
Fighting       | 1 2 |  2.3
Maces & Flails | 1 2 |  2.3
Transmutations | 2 3 |  3.0
Dodging        | 3 |  3.6
Spellcasting   | 3 |  3.3
Earth Magic    | 4 |  4.2

Action                     |  1- 3 |  4- 6 |  7- 9 || total
---------------------------+-------+-------+-------++-------
  Melee: Unarmed           |    11 |       |       ||    11
         Constrict         |     6 |     6 |     1 ||    13
         Tentacles         |     3 |     7 |     1 ||    11
         Punch             |     1 |       |     1 ||     2
         Whip              |     9 |    32 |       ||    41
         Spear             |       |       |     2 ||     2
   Cast: Sandblast         |    43 |    41 |       ||    84
         Stone Arrow       |       |    11 |       ||    11
    Use: Scroll            |     7 |     6 |     1 ||    14
         Potion            |       |     7 |       ||     7
 Armour: Skin              |     1 |     3 |       ||     4
  Dodge: Dodged            |    24 |    32 |       ||    56
  Block: Other             |       |     1 |       ||     1

Table legend: (Time is in decaauts)
 A = Elapsed time spent in this place.
 B = Non-inter-level travel time spent in this place.
 C = Inter-level travel time spent in this place.
 D = Time resting spent in this place.
 E = Time spent auto-exploring this place.
 F = Levels seen in this place.
 G = Mean time per level.
                   A        B        C        D        E       F      G
               +--------+--------+--------+--------+--------+-----+--------+
         Total |   3950 |   3723 |    227 |    223 |   2989 |   6 |  658.3 |
       Dungeon |   3776 |   3613 |    163 |    223 |   2882 |   5 |  755.2 |
        Temple |    173 |    109 |     64 |      0 |    107 |   1 |  173.0 |
               +--------+--------+--------+--------+--------+-----+--------+

Top non-repeatable levels by time:
     D:3: 926 daAuts
     D:1: 905 daAuts
     D:4: 893 daAuts
     D:2: 889 daAuts
  Temple: 173 daAuts
     D:5: 162 daAuts
